 Seeded DCSS version 0.30-a0-738-g116ff8c4af (webtiles) character file.

Game seed: 5430720872467839093 (custom seed)

892 purpskrrrp the Trooper (level 7, -1/56 HPs)
             Began as a Demonspawn Fighter on Feb 4, 2023.
             Was an Initiate of Hepliaklqana.
             Slain by Duvessa
             ... wielding a +2 short sword of holy wrath
              (7 damage)
             ... on level 5 of the Dungeon.
             The game lasted 00:07:30 (3697 turns).

purpskrrrp the Trooper (Demonspawn Fighter)         Turns: 3697, Time: 00:07:31

Health: -1/56      AC:  8    Str: 27    XL:     7   Next: 78%
Magic:  16/16      EV: 15    Int: 12    God:    Hepliaklqana [......]
Gold:   164        SH:  0    Dex: 21    Spells: 6/6 levels left

rFire   . . .      SeeInvis +    t - +8 longbow "Zephyr" {speed, Dex+3 SInv}
rCold   + . .      Faith    .    (shield currently unavailable)
rNeg    + . .      Spirit   .    C - +2 robe of Binutifa {rPois Dex+5}
rPois   +          Reflect  .    o - +4 hat "Fubun" {Regen+ Stlth+}
rElec   .          Harm     .    (no cloak)
rCorr   .          Rampage  .    (no gloves)
Will    .....                    (no boots)
Stlth   +++                      (no amulet)
HPRegen 1.09/turn                m - +6 ring of strength
MPRegen 0.15/turn                d - ring "Pallorou" {rC+ rN+ MP+9 Str+3 Int+3}

@: studying 2 skills
A: repulsion field 1, powered by death 1
a: Renounce Religion


You were on level 5 of the Dungeon.
You worshipped Hepliaklqana.
Hepliaklqana was noncommittal.
You visited 2 branches of the dungeon, and saw 6 of its levels.

You collected 164 gold pieces.

Inventory:

Hand Weapons
 a - a +0 heavy war axe
 t - the +8 longbow "Zephyr" (weapon) {speed, Dex+3 SInv}
   (You acquired it on level 2 of the Dungeon)

   Dex:       It affects your dexterity (+3).
   SInv:      It lets you see invisible.
Missiles
 v - a throwing net
Armour
 b - a +0 scale mail
 c - a +1 buckler
 o - the +4 hat "Fubun" (worn) {Regen+ Stlth+}
   (You acquired it on level 2 of the Dungeon)

   Regen:     It increases your rate of health regeneration.
   Stlth:     It makes you more stealthy.
 C - the +2 robe of Binutifa (worn) {rPois Dex+5}
   (You found it on level 3 of the Dungeon)

   Dex:       It affects your dexterity (+5).
   rPois:     It protects you from poison.
Jewellery
 d - the ring "Pallorou" (right hand) {rC+ rN+ MP+9 Str+3 Int+3}
   (You acquired it on level 2 of the Dungeon)

   [ring of positive energy]

   Str:       It affects your strength (+3).
   Int:       It affects your intelligence (+3).
   rC:        It protects you from cold.
   rN:        It protects you from negative energy.
   MP:        It affects your magic capacity (+9).
 l - a ring of positive energy
 m - a +6 ring of strength (left hand)
 s - a ring of protection from cold
Wands
 k - a wand of roots (5)
 y - a wand of mindburst (22)
Scrolls
 f - 2 scrolls of amnesia
 i - a scroll of noise
 j - 3 scrolls of teleportation
 n - a scroll of butterflies {unknown}
 p - a scroll of enchant armour
 q - a scroll of blinking {unknown}
 r - a scroll of magic mapping {unknown}
 x - 3 scrolls of identify
Potions
 e - a potion of mutation {unknown}
 g - 3 potions of attraction {unknown}
 u - a potion of degeneration {unknown}
 w - a potion of magic {unknown}
 z - 2 potions of lignification {unknown}
 A - a potion of ambrosia {unknown}
 B - 2 potions of berserk rage {unknown}


   Skills:
 + Level 5.2 Fighting
 - Level 3.2 Axes
 * Level 3.8 Ranged Weapons
 + Level 4.3 Armour
 + Level 2.0 Dodging
 + Level 2.2 Stealth
 - Level 3.6 Shields


You had 6 spell levels left.
You didn't know any spells.
Your spell library contained the following spells:

 Spells                   Type           Power      Damage    Failure   Level
 Static Discharge         Conj/Air       0%         2-2/arc   45%         2
 Vhi's Electric Charge    Tloc/Air       0%         N/A       69%         3
 Arcjolt                  Conj/Air       0%         1d10      100%        5
 Lightning Bolt           Conj/Air       0%         1d11      100%        5


Dungeon Overview and Level Annotations

Branches:
Dungeon (5/15)             Temple (1/1) D:4

Altars:
Cheibriados
Dithmenos
Hepliaklqana
Nemelex Xobeh
Okawaru
Ru
Sif Muna
Uskayaw
Vehumet
Wu Jian
Xom
Yredelemnul

Shops:
D:2 ?

Annotations:
D:5 Duvessa


Innate Abilities, Weirdness & Mutations

You are surrounded by a mild repulsion field. (EV +2)
You regenerate a little health from kills.


Message History

Duvessa hits you with a +2 short sword of holy wrath!
You convulse.
You are too injured to fight recklessly!
You are too injured to fight recklessly!
You are too injured to fight recklessly!
You are too injured to fight recklessly!
You are too injured to fight recklessly!
You are too injured to fight recklessly!
You are too injured to fight recklessly!
You are too injured to fight recklessly!
You are too injured to fight recklessly!
You are too injured to fight recklessly!
You are too injured to fight recklessly!
You are too injured to fight recklessly!
You are too injured to fight recklessly!
You are too injured to fight recklessly!
You are too injured to fight recklessly!
You are too injured to fight recklessly!
You are too injured to fight recklessly!
You are too injured to fight recklessly!
You shoot an arrow. The arrow hits Duvessa!
Duvessa is severely wounded.
Duvessa misses you.
You feel better. Duvessa closely misses you.
Duvessa hits you with a +2 short sword of holy wrath!
You convulse!
* * * LOW HITPOINT WARNING * * *
You feel better. Duvessa completely misses you.
You shoot an arrow. The arrow hits Duvessa!
Duvessa is almost dead.
Duvessa closely misses you.
Duvessa hits you with a +2 short sword of holy wrath!
* * * LOW HITPOINT WARNING * * *
You convulse!
* * * LOW HITPOINT WARNING * * *
You feel better.
Duvessa hits you with a +2 short sword of holy wrath.
* * * LOW HITPOINT WARNING * * *
You convulse!
You die...

#.................###..........
##############...####.###......
#.....+..#......†###
#.#...##.#..........
#.#####............#
#..............###.#
#.........##.#.###.#
#...................
#..@...##.##.###.###
#.#e#####.##.# #.# .. ..#
#.##.# #.. #.. .... ...#.# ####
#. ...). #. # ......# .......#
#.......#


You could see Duvessa (berserk).

Vanquished Creatures
  The ghost of bmack86 the Chopper, an amateur MiFi of Okawaru (D:4)
  Blork the orc (D:4)
  A bullfrog (D:4)
  A scorpion (D:4)
  A necrophage (D:2)
  Dowan (D:5)
  2 orc priests
  2 iguanas
  4 orc wizards
  9 gnolls
  6 adders
  A white imp (D:4)
  3 worms (D:4)
  A dart slug (D:4)
  5 orcs
  3 bats
  8 endoplasms
  3 giant cockroaches
  4 goblins
  7 hobgoblins
  7 jackals
  6 kobolds
  5 quokkas
  8 ball pythons
  2 frilled lizards
  3 rats
95 creatures vanquished.

Notes
Turn   | Place    | Note
-------+----------+-------------------------------------------
     0 | D:1      | purpskrrrp the Demonspawn Fighter began the quest for the
                  | Orb.
     0 | D:1      | Reached XP level 1. HP: 18/18 MP: 1/1
   158 | D:1      | Gained mutation: You are surrounded by a mild repulsion
                  | field. (EV +2) [demonic ancestry]
   158 | D:1      | Reached XP level 2. HP: 21/24 MP: 2/2
  1048 | D:2      | Reached XP level 3. HP: 28/29 MP: 3/3
  1256 | D:2      | Noticed a necrophage
  1267 | D:2      | Killed a necrophage
  1268 | D:2      | Reached XP level 4. HP: 33/35 MP: 4/4
  1613 | D:2      | Found Doddoiw's Magic Scroll Shoppe.
  1667 | D:2      | Identified 4 scrolls of acquirement
  1667 | D:2      | Acquired a manual of Unarmed Combat
  1669 | D:2      | Acquired the ring "Pallorou" {rC+ rN+ MP+9 Str+3 Int+3}
  1672 | D:2      | Acquired the +8 longbow "Zephyr" {speed, Dex+3 SInv}
  1672 | D:2      | Found the +8 longbow "Zephyr" {speed, Dex+3 SInv}
  1679 | D:2      | Acquired the +4 hat "Fubun" {Regen+ Stlth+}
  1804 | D:3      | Found a faded altar of an unknown god.
  1916 | D:3      | Reached XP level 5. HP: 41/41 MP: 5/5
  1932 | D:3      | Reached skill level 1 in Ranged Weapons
  1998 | D:3      | Found an iron altar of Okawaru.
  2089 | D:3      | Identified the +3 short sword of the Manifold Quests
                  | {flame, rElec Int+5}
  2097 | D:3      | Reached skill level 4 in Fighting
  2097 | D:3      | Gained mutation: You regenerate a little health from kills.
                  | [demonic ancestry]
  2097 | D:3      | Reached XP level 6. HP: 39/48 MP: 6/6
  2254 | D:3      | Identified the +2 robe of Binutifa {rPois Dex+5}
  2715 | D:4      | Reached skill level 1 in Stealth
  2738 | D:4      | Found a runed translucent door.
  2739 | D:4      | Found a staircase to the Ecumenical Temple.
  2754 | D:4      | Noticed bmack86's ghost (amateur MiFi)
  2852 | Temple   | Entered the Ecumenical Temple
  2887 | Temple   | Became a worshipper of Hepliaklqana the Forgotten
  3255 | D:4      | Noticed Blork the orc
  3260 | D:4      | Killed Blork the orc
  3261 | D:4      | Reached skill level 1 in Dodging
  3261 | D:4      | Reached XP level 7. HP: 54/55 MP: 7/7
  3541 | D:4      | Killed bmack86's ghost
  3542 | D:4      | Reached skill level 5 in Fighting
  3614 | D:5      | Entered Level 5 of the Dungeon
  3685 | D:5      | Noticed Dowan
  3686 | D:5      | Noticed Duvessa
  3687 | D:5      | Killed Dowan
  3697 | D:5      | Slain by Duvessa

Illustrated notes

Levels and vault maps discovered:
D:1:      dpeg_arrival_boxes_within_box, layout_basic
D:2:      layout_loops_ring, serial_shops, shop, nicolae_kite_square_tiling_tiny
D:3:      layout_rooms, okawaru_metal_pillars_3, ebering_ecumenical_altar_rust
D:4:      layout_basic, minmay_temple_entry_overgrown, ebering_ghost_sewer_d,
          minmay_manual_monstrance, uniq_blork_the_orc
D:5:      layout_basic, uniq_duvessa
Temple:   oiseaux_autumnal_temple

Skill      XL: |  1  2  3  4  5  6  7 |
---------------+----------------------+-----
Axes           | 2 3 |  3.2
Armour         | 3 4 |  4.3
Shields        | 3 |  3.6
Ranged Weapons | 1 2 3 |  3.8
Fighting       | 4 5 |  5.2
Stealth        | 1 2 |  2.2
Dodging        | 1 2 |  2.0

Action                     |  1- 3 |  4- 6 |  7- 9 || total
---------------------------+-------+-------+-------++-------
  Melee: War axe           |    92 |    15 |       ||   107
         Longbow           |       |     2 |       ||     2
   Fire: Longbow           |       |   110 |    39 ||   149
    Use: Potion            |     1 |       |     3 ||     4
         Scroll            |       |    15 |       ||    15
 Armour: Scale mail        |    45 |     9 |       ||    54
         Robe              |       |    14 |     3 ||    17
  Dodge: Dodged            |    59 |    45 |    14 ||   118
  Block: Buckler           |    22 |     4 |       ||    26

Table legend: (Time is in decaauts)
 A = Elapsed time spent in this place.
 B = Non-inter-level travel time spent in this place.
 C = Inter-level travel time spent in this place.
 D = Time resting spent in this place.
 E = Time spent auto-exploring this place.
 F = Levels seen in this place.
 G = Mean time per level.
                   A        B        C        D        E       F      G
               +--------+--------+--------+--------+--------+-----+--------+
         Total |   3767 |   3560 |    207 |    131 |   2829 |   6 |  627.8 |
       Dungeon |   3487 |   3310 |    177 |    131 |   2603 |   5 |  697.4 |
        Temple |    279 |    249 |     30 |      0 |    226 |   1 |  279.0 |
               +--------+--------+--------+--------+--------+-----+--------+

Top non-repeatable levels by time:
     D:1: 999 daAuts
     D:4: 938 daAuts
     D:2: 815 daAuts
     D:3: 651 daAuts
  Temple: 279 daAuts
     D:5: 82 daAuts
